AoeStats
← yomatyas94

Arabia

510346988Analyzed
2v2 RM · 2d ago on Sep 30, 2026· 45m 11s· 4 players
Game mode
Random Map
Map size
Medium (4 player)
Population
200
Speed
Normal
Resources
Standard
Victory
Conquest
Starting age
Dark Age
Ending age
Imperial Age
RankedLock teamsTeams togetherTeam positionsShared explorationLock speedFull tech treeHidden civsTurbo modeCheats
Victory
Defeat
🇦🇷 Franks · Argentina
777
+14
🇦🇷 Malians · Argentina
777
+14
🇵🇪 Romans · Peru
740
-14
🇵🇪 Britons · Peru
730
-14
TIMVP
3:06 Loom
12:41 Feudal Age
13:11 Double-Bit Axe
17:12 Horse Collar
25:45 Castle Age
24:20 Gold Mining
25:51 Scale Mail Armor
26:08 Pikeman
28:14 Squires
30:07 Heavy Plow
30:57 Gold Shaft Mining
31:50 Stone Mining
35:30 Imperial Age
36:31 Conscription
40:50 Halberdier
A†ilA
0:30 Loom
10:39 Feudal Age
12:03 Wheelbarrow
18:20 Castle Age
26:55 Double-Bit Axe
31:20 Fletching
31:30 Padded Archer Armor
34:04 Bodkin Arrow
34:09 Padded Archer Armor
37:32 Leather Archer Armor
45:05 Imperial Age
yomatyas94
10:12 Feudal Age
11:46 Double-Bit Axe
13:26 Wheelbarrow
20:29 Castle Age
22:05 Castle Age
23:49 Castle Age
30:43 Imperial Age
28:21 Gold Mining
29:24 Bow Saw
30:08 Hand Cart
31:35 Loom
32:15 Cavalier
37:06 Scale Barding Armor
37:11 Forging
40:09 Heavy Scorpion
Pipeiro
10:28 Feudal Age
11:49 Double-Bit Axe
16:27 Forging
23:08 Castle Age
22:45 Horse Collar
25:14 Bloodlines
25:57 Light Cavalry
29:51 Iron Casting
29:27 Stone Mining
29:31 Gold Mining
30:17 Treadmill Crane
30:48 Scale Mail Armor
31:27 Wheelbarrow
31:48 Stone Shaft Mining
31:57 Bow Saw
33:09 Husbandry
33:51 Heavy Plow
36:49 Imperial Age
35:24 Gold Shaft Mining
37:38 Farimba
38:52 Conscription
40:22 Crop Rotation
40:14 Chain Mail Armor
40:04 Scale Barding Armor
44:25 Elite Gbeto
Connection lost

Rejoining the realm…

Still unreachable

The connection could not be restored.

Session expired

The server has moved on; the page needs a fresh start.